Cogmind - Beta 14 @@@ ROGUE MODE // 2024.09.06 @ 11:35:46 Player: Triffids Result: Destroyed by D-53 Grenadier with Mini Grenade Launcher Performance ------------- Evolutions (0) 0 Regions Visited (2) 400 Robots Destroyed (13) 65 Value Destroyed (241) 241 Prototype IDs (2) 40 Alien Tech Used (0) 0 Bonus (0) 0 TOTAL SCORE: 746 Bonus ------- None Cogmind --------- Core Integrity 0/250 Matter 276/300 Energy 100/100 System Corruption 0% Temperature Cool (0) Movement Core (200) Ox3 Location -10/Mines Parts ------- > --- POWER (1) -------- (None) > --- PROPULSION (2) --- (None) > --- UTILITY (2) ------ Medium Storage Unit > --- WEAPON (2) ------- (None) > --- INVENTORY (10) --- Ion Engine Aluminum Leg Improved Heat Sink Structural Scanner Sensor Array Signal Interpreter ECM Suite Assault Rifle Light Assault Rifle Mining Laser Peak State ------------ > --- POWER ------------ Light Ion Engine > --- PROPULSION ------- Aluminum Leg Aluminum Leg > --- UTILITY ---------- Medium Storage Unit Seismic Detector > --- WEAPON ----------- Small Laser Assault Rifle > --- INVENTORY -------- Light Ion Engine Aluminum Leg Improved Heat Sink Sensor Array Signal Interpreter ECM Suite Light Assault Rifle Grenade Launcher [Rating: 8] Favorites ----------- Power Light Ion Engine Engine Light Ion Engine Propulsion Aluminum Leg Leg Aluminum Leg Utility Seismic Detector Device Seismic Detector Storage Medium Storage Unit Weapon Assault Rifle Energy Gun Small Laser Ballistic Gun Assault Rifle Launcher Grenade Launcher Build | -11 -10 -10 ------- Run | Yrd Mat Min Slots Evolved . | . . . Power . | . . . Propulsion . | . . . Utility . | . . . Weapon . | . . . Parts Attached 15 | 7 6 2 Power 3 | 1 2 . Engine 3 | 1 2 . Core . | . . . Reactor . | . . . Propulsion 4 | 2 2 . Treads . | . . . Leg 4 | 2 2 . Wheel . | . . . Hover . | . . . Flight . | . . . Utility 3 | 2 1 . Device 1 | 1 . . Storage 2 | 1 1 . Processor . | . . . Hackware . | . . . Protection . | . . . Artifact . | . . . Weapon 5 | 2 1 2 Energy Gun 1 | 1 . . Energy Cannon . | . . . Ballistic Gun 3 | 1 1 1 Ballistic Cannon . | . . . Launcher 1 | . . 1 Special Weapon . | . . . Impact Weapon . | . . . Slashing Weapon . | . . . Piercing Weapon . | . . . Special Melee Weapon . | . . . Unidentified Prototypes . | . . . Parts Lost 7 | . 2 5 Power 2 | . 1 1 Propulsion 2 | . . 2 Utility 1 | . . 1 Weapon 2 | . 1 1 Highest Loss Streak 5 | . 2 5 To Critical Strikes . | . . . Average Slot Usage (%) 99 | . 100 98 Engine 14 | . 14 14 Leg 28 | . 28 28 Device 14 | . 14 14 Storage 14 | . 14 14 Energy Gun 7 | . 8 . Ballistic Gun 19 | . 19 16 Launcher 1 | . . 9 Peak Build Rating 8 | 7 8 8 Average Rating 7 | 4 7 7 On Entrance 5 | . 7 8 Naked Turns . | . . . Heaviest Build 20 | 12 19 20 Greatest Support 20 | 20 20 20 Greatest Overweight (x) 3 | . . 3 Average Overweight (x) . | . . . Largest Inventory Capacity 10 | 8 10 10 Average Capacity 9 | 6 9 10 Most Carried 10 | 5 10 10 Average Carried 6 | 2 6 10 Final Capacity 10 | 8 10 10 Final Carried 10 | 2 10 10 Class Distribution -------------------- 100% | Mutant Dominant Class ---------------- Mutant | -10/Materials Mutant | -10/Mines Resources | -11 -10 -10 ----------- Run | Yrd Mat Min Matter Collected 494 | 285 204 5 Remotely . | . . . Salvage Created 437 | 88 333 16 Parts 28 | 6 16 6 Haulers Intercepted 2 | . 2 . Recyclers Shooed 1 | . 1 . Parts Field Recycled . | . . . Retrieved Matter . | . . . Parts Self-Destructed . | . . . Prevented . | . . . Kills | -11 -10 -10 ------- Run | Yrd Mat Min Combat Hostiles Destroyed 7 | . 4 3 Guns 4 | . 4 . AOE 3 | . . 3 Classes Destroyed 6 | 2 3 1 Tunneler 1 | 1 . . Hauler 2 | . 2 . Recycler 1 | 1 . . Watcher 2 | . 2 . Swarmer 3 | . . 3 Grunt 4 | . 4 . Best Kill Streak 3 | 2 2 3 Combat Bots Only 3 | . 2 3 Max Kills in Single Turn 2 | 1 1 2 Gunslinging . | . . . Exploded 2 | . . 2 Melee . | . . . Uniques/NPCs Destroyed . | . . . Combat | -11 -10 -10 -------- Run | Yrd Mat Min Hostile Shots Fired 50 | . 30 20 Missed 10 | . 8 2 Damage Taken 855 | . 285 570 Core 251 | . 26 225 Absorbed by Shields . | . . . Core Remaining (%) 100 | 100 . . Volleys Fired 58 | 5 50 3 Largest 2 | 2 2 2 Hottest 60 | 60 60 50 Shots Fired 107 | 10 91 6 Gun 105 | 10 91 4 Cannon . | . . . Launcher 2 | . . 2 Special . | . . . Kinetic 67 | 5 58 4 Thermal 38 | 5 33 . Explosive 2 | . . 2 Electromagnetic . | . . . Robot Hit Streak 17 | 1 17 7 Robot Miss Streak 4 | 1 4 1 Penetration Max . | . . . Secondary Targets 1 | . 1 . Max Gunslinging Chain 1 | . 1 . Shots Hit Robots 70 | 5 60 5 Core Hits 22 | 2 17 3 Critical Kills . | . . . Critical Parts Destroyed . | . . . Critical Strikes . | . . . Melee Attacks . | . . . Impact . | . . . Slashing . | . . . Piercing . | . . . Sneak Attacks . | . . . Combat Hostiles . | . . . Follow-up Attacks . | . . . Damage Inflicted 922 | 61 726 135 Guns 833 | 61 726 46 Cannons . | . . . Explosions 89 | . . 89 Melee . | . . . Ramming . | . . . Kinetic 550 | 15 489 46 Thermal 283 | 46 237 . Explosive 89 | . . 89 Electromagnetic . | . . . Impact . | . . . Slashing . | . . . Piercing . | . . . Highest Corruption . | . . . Average Corruption . | . . . Corruption Purged . | . . . Corruption Blocked . | . . . Overload Shots . | . . . Overflow Damage . | . . . Projectiles . | . . . Explosions . | . . . Melee . | . . . Knockbacks . | . . . Impact . | . . . Kinetic . | . . . Secondary . | . . . Self-Inflicted Damage 41 | . . 41 Shots 2 | . . 2 Rammed . | . . . Targets Rammed . | . . . Kicked . | . . . Crushed . | . . . Highest Temperature 45 | . 45 . Average Temperature 23 | . 23 . Received Heat Transfer 207 | . 207 . Siege Activations . | . . . Robots Corrupted . | . . . Combat Hostiles . | . . . Parts Fried . | . . . Impact Corruptions . | . . . Robots Melted . | . . . Combat Hostiles . | . . . Parts Melted . | . . . Heat Transferred 625 | 100 525 . Parts Sabotaged . | . . . Parts Stolen . | . . . Parts Stripped . | . . . Power Chain Reactions . | . . . Alert | -11 -10 -10 ------- Run | Yrd Mat Min Peak Influence 136 | 10 136 109 Initial 24 | . 6 24 Average 55 | 5 57 86 Maximum Alert Level . | . . . Low Security (%) 100 | 100 100 100 Level 1 . | . . . Level 2 . | . . . Level 3 . | . . . Level 4 . | . . . Level 5 . | . . . High Security . | . . . Max Security . | . . . Squads Dispatched 2 | . 2 . Investigation . | . . . Extermination . | . . . Reinforcement 2 | . 2 . Assault . | . . . Garrison . | . . . Intercept . | . . . Searches Triggered . | . . . Construction Impeded . | . . . Haulers Reinforced . | . . . Active Scanning Responses . | . . . Cargo Convoy Interrupts . | . . . Stealth | -11 -10 -10 --------- Run | Yrd Mat Min Distress Signals . | . . . Communications Jammed . | . . . Distress Signals . | . . . Times Spotted 14 | . 9 5 Peak Tracking Total 3 | . 2 3 Tactical Retreats . | . . . Traps | -11 -10 -10 ------- Run | Yrd Mat Min Traps Triggered . | . . . Indirectly . | . . . Trap Hack Attempts . | . . . Triggered . | . . . Disarmed . | . . . Reprogrammed . | . . . Reused . | . . . Traps Extracted . | . . . Installed . | . . . Triggered . | . . . Machines | -11 -10 -10 ---------- Run | Yrd Mat Min Machines Disabled 1 | . 1 . Max in Single Turn 1 | . 1 . Machines Repaired . | . . . Machines Dismantled . | . . . Machines Sabotaged . | . . . Overloaded Fab Kills . | . . . Hacking | -11 -10 -10 --------- Run | Yrd Mat Min Machines Accessed 3 | . 3 . Terminals 3 | . 3 . Fabricators . | . . . Repair Stations . | . . . Recycling Units . | . . . Scanalyzers . | . . . Garrison Access . | . . . Total Hacks 12 | . 12 . Successful 6 | . 6 . Failed 6 | . 6 . Catastrophic . | . . . Database Lockouts . | . . . Manual 11 | . 11 . Terminals 12 | . 12 . Fabricators . | . . . Repair Stations . | . . . Recycling Units . | . . . Scanalyzers . | . . . Garrison Access . | . . . Terminal Hacks 2 | . 2 . Robot Analysis 1 | . 1 . Prototype ID Bank 1 | . 1 . Fabricator Hacks . | . . . Repair Station Hacks . | . . . Recycling Unit Hacks . | . . . Scanalyzer . | . . . Garrison Access Hacks . | . . . Unauthorized Hacks 4 | . 4 . Terminals 4 | . 4 . Botnet 2 | . 2 . Disrupt 1 | . 1 . Operators 1 | . 1 . Fabricators . | . . . Repair Stations . | . . . Recycling Units . | . . . Scanalyzers . | . . . Garrison Access . | . . . Data Cores Recovered . | . . . Used . | . . . Hacking Detections 3 | . 3 . Full Trace Events . | . . . Feedback Events . | . . . Feedback Blocked . | . . . Robot Schematics Acquired . | . . . Robots Built . | . . . Authchips . | . . . Time . | . . . Total Robot Build Rating . | . . . Part Schematics Acquired . | . . . Parts Built . | . . . Authchips . | . . . Time . | . . . Total Part Build Rating . | . . . Parts Repaired . | . . . Time . | . . . Parts Recycled . | . . . Recycled Matter . | . . . Retrieved Matter . | . . . Retrieved Components . | . . . Parts Scanalyzed . | . . . Part Schematics Acquired . | . . . Parts Damaged . | . . . Bothacking | -11 -10 -10 ------------ Run | Yrd Mat Min Used RIF Installer . | . . . Robots Hacked . | . . . Non-combat . | . . . Combat . | . . . Robot Hacks Applied . | . . . Relay Couplers Released . | . . . Fabnet Peak Effective % . | . . . Robots Rewired . | . . . Allies Hacked . | . . . Hacks Repelled . | . . . Allies | -11 -10 -10 -------- Run | Yrd Mat Min Total Allies . | . . . Largest Group . | . . . Highest-Rated Group . | . . . Highest-Rated Ally . | . . . Total Orders . | . . . Ally Attacks . | . . . Total Damage . | . . . Kills . | . . . Allies Corrupted . | . . . Allies Melted . | . . . Intel | -11 -10 -10 ------- Run | Yrd Mat Min Robot Analysis Total 1 | . 1 . Derelict Logs Recovered 2 | . . 2 Drone Launches . | . . . Drone Recoveries . | . . . Exploration | -11 -10 -10 ------------- Run | Yrd Mat Min Turns Passed 705 | 76 531 98 Spaces Moved 403 | 48 285 70 Core 16 | 15 . 1 Treads . | . . . Legs 387 | 33 285 69 Wheels . | . . . Hover . | . . . Flight . | . . . Fastest Speed 50 | 50 120 120 Average Speed 117 | 98 120 121 Slowest Speed 200 | 120 120 200 Overloaded Moves . | . . . Propulsion Burnouts . | . . . Robots Hopped . | . . . Cave-ins Triggered . | . . . Exploration Rate (%) 20 | 3 37 20 Regions Visited 2 Branch Regions 1 Pre-discovered Areas . | . . . Known Exits Taken . | . . . Unknown Exits Taken 2 | 1 1 . Scrap Searched . | . . . Spaces Dug . | . . . Terrain Destroyed 19 | . . 19 Melee . | . . . Projectile . | . . . AOE 19 | . . 19 Terrain Rammed . | . . . Walls Destroyed . | . . . Machines Disabled . | . . . Actions | -11 -10 -10 --------- Run | Yrd Mat Min Total 527 | 65 385 77 Wait 35 | 1 33 1 Move 401 | 47 284 70 Hop . | . . . Pick Up 14 | 5 9 . Fast Attach 4 | 4 . . Attach 5 | 3 2 . Detach . | . . . Swap 6 | . 4 2 Drop 4 | . 3 1 Fire 58 | 5 50 3 Melee . | . . . Ram . | . . . Kick . | . . . Crush . | . . . Escape Stasis . | . . . Rewire . | . . . Trap . | . . . Miscellaneous . | . . . Route ------- -11/Scrapyard -10/Materials -10/Mines History --------- Turn | Location | Event 12 | -11/Scrapyard | Discovered new exit (range 15) 77 | -11/Scrapyard | Entered Materials 149 | -10/Materials | Discovered new exit (range 12) 311 | -10/Materials | Build established: Mutant 608 | -10/Materials | Entered Mines 613 | -10/Mines | Met a Derelict bent on vengeance 646 | -10/Mines | Assembled infested the area 650 | -10/Mines | Learned Materials security intel 651 | -10/Mines | Learned Materials non-interactive machine intel 703 | -10/Mines | Core integrity fell below 50% 706 | -10/Mines | Core integrity fell below 20% 706 | -10/Mines | Destroyed by D-53 Grenadier with Mini Grenade Launcher Last Messages --------------- 00640_ U-05 Engineer lays Concrete. 00642_ R-06 Scavenger collects Lgt. Ion Engine. 00643_ U-05 Engineer builds a Wall. 00646_ ALERT: Infestation in the mines, dispatching Demolisher response squad. 00650_ Acquired derelict log, extracted data. Data stored: Materials security intel. 00651_ Acquired derelict log, extracted data. Data stored: Materials non-interactive machine intel. 00689_ C-30 ARC bursts open, deploying its payload. 00689_ D-53 Grenadier unfolds itself. 00698_ Grenade Launcher destroyed. 00700_ The unstable cave ceiling collapses. 00700_ Ion Engine destroyed. 00700_ Seismic Detector destroyed. 00701_ Aluminum Leg destroyed. 00702_ Dropped Lgt. Assault Rifle. 00703_ The unstable cave ceiling collapses. 00704_ Aluminum Leg destroyed. 00706_ U-05 Engineer lays Concrete. Map ----- +----------------------------------------------------+ | ?????????????????????????????????????????????????? | | ?????????????????????????????????????????????????? | | ?????????????????????????????????????????????????? | | ?????????????????????????????????????????????????? | | ?????????????????????????????????????????????????? | | ?????????????????????????????????????????????????? | | ?????????????????????????????????????????????????? | | ?????????????????????????????????????????????????? | | ???????###???????????????????????????????????????? | | ??????## #######?????????????????????????????????? | | ??????# #?????????????????????????????????? | | ??????# #?????????????????????????????????? | | ??????## ### #?????????????????????????????????? | | ####??## #?# #????????? ??????????????????????? | | #### #?# #???????## ?????????????????????? | | # #?# ##???#### #?????????????????????? | | [ ##?# ##?## #?????????????????????? | | *# ##??# #?? #?????????????????????? | | ## #???# #?? #?????????????????????? | | ##?# #??## #??? ??????????????????????? | | #??## ##??# #???? ?##?###????????????????? | | #???####???# ##???## ## ## ##???????????????? | | #??????????#"% ##????# # #???????????????? | | #??????????# " ##????# #???????????????? | | #?????????## ###### #????????????????? | | #????????## d @ #????????????????? | | ?????????# u d ##???????????????? | | ?????????# #???????????????? | | ?????????## ### u #???????????????? | | ??????????###??## #???????????????? | | ????????????????## #???????????????? | | ?????????????????# #???????????????? | | ????????????????## #???????????????? | | ????????????????# # # # #???????????????? | | ????????????????######### # #??????????????? | | ????????????????????????#### #??????????????? | | ???????????????????????????### #??????????????? | | ??????????????????????????????# ##??????????????? | | ???????????????????????????????###???????????????? | | ?????????????????????????????????????????????????? | | ?????????????????????????????????????????????????? | | | | | | | | | | | | | | | | | | | +----------------------------------------------------+ Best States ------------- Heat Dissipation 25 Energy Generation 10 Energy Capacity 250 Matter Stores 300 Matter Capacity 300 Sight Range 16 Terrain Scan Density 10 Evasion (%) 55 Item Schematics ----------------- None Robot Schematics ------------------ None Fabricated ------------ Nothing Alien Tech Used ----------------- None Achievements -------------- None Challenges ------------ None Game ------ Seed LinkedExoskeletonRegenerator Manual? 0 Play Time 00:08:38 Cumulative 211.8 hours Start 2024.09.06 @ 11:28:06 End 2024.09.06 @ 11:35:46 Sessions 1 Manual Loads 0 Difficulty Rogue Special Mode None Game No. 357 Rogue 357 Adventurer 0 Explorer 0 Win Type - Total 1 Types 1/0/0/0/0/0/0/0/0 Lore% 30 Gallery% 51 Achievement% 38 Wizard Run 0 Options --------- Layout 1 ASCII 0 Keyboard 1 Movement Vi Keybinds 0 Fullscreen 0 Font 20/SmallcapsGlow Map View 59x39 Zoom Use 0% Tactical HUD 1 Map Filters NONE Filters NONE Steam 1 RUN: 9e15fdc6-cc7f-4370-91ac-234c4893f8d0